 Dungeon Crawl Stone Soup version 0.25-a0-73-g9796ba8d15 (webtiles) character file.

Game seed: 8447714908469558109, levelgen mode: deterministic

1657 apr9 the Vexing (level 9, -1/60 HPs)
             Began as an Octopode Enchanter on Nov 6, 2019.
             Was an Initiate of Makhleb.
             Slain by a gnoll
             ... wielding a cursed -3 whip
              (6 damage)
             ... on level 7 of the Dungeon.
             The game lasted 00:13:19 (8419 turns).

apr9 the Vexing (Octopode Enchanter)                Turns: 8419, Time: 00:13:19

Health: -1/60      AC:  1    Str: 13    XL:     9   Next: 0%
Magic:  10/14      EV: 16    Int: 18    God:    Makhleb [......]
Gold:   69         SH:  0    Dex: 16    Spells: 5/15 levels left

rFire    . . .     SeeInvis .   L - +1 hand axe of the Twelve Cities {venom, +Blink rC+ Str+3}
rCold    + . .     Gourm    .   (no shield)
rNeg     . . .     Faith    .   (helmet restricted)
rPois    .         Spirit   .   (no amulet)
rElec    .         Reflect  .   E - +4 ring of dexterity
rCorr    .         Harm     .   I - ring of stealth
MR       .....                  (no ring)
Stlth    +++++.....             (no ring)
HPRegen  0.20/turn              (no ring)
MPRegen  0.14/turn              (no ring)
                                (no ring)
                                (no ring)

@: no status effects
A: almost no armour, stealthy swim, amphibious, 8 rings, constrict 8, camouflage
1, gelatinous body 1
a: Renounce Religion, Evoke Blink


You were on level 7 of the Dungeon.
You worshipped Makhleb.
Makhleb was noncommittal.
You were not hungry.

You visited 2 branches of the dungeon, and saw 8 of its levels.

You collected 277 gold pieces.
You spent 208 gold pieces at shops.

Inventory:

Hand Weapons
 a - a +1 dagger
 m - a +0 whip of venom
 o - a +0 hunting sling
 w - a +0 broad axe
 y - a cursed -3 mace
 G - a +1 hunting sling of flaming
 L - the +1 hand axe of the Twelve Cities (weapon) {venom, +Blink rC+ Str+3}
   (You bought it in a shop on level 5 of the Dungeon)

   It poisons the flesh of those it strikes.
   It affects your strength (+3).
   It protects you from cold.
   It lets you blink.
Missiles
 d - 164 stones (quivered)
 h - 120 arrows
 x - 2 javelins
 F - 52 sling bullets
Armour
 s - a +0 buckler
 H - a cursed +0 shield
Jewellery
 E - a +4 ring of dexterity (left tentacle)
 I - a ring of stealth (right tentacle)
 K - an uncursed ring of fire
Wands
 B - a wand of iceblast (7)
 D - a wand of flame (13)
Scrolls
 b - a scroll of random uselessness
 g - 6 scrolls of remove curse {unknown}
 i - 5 scrolls of amnesia {unknown}
 j - a scroll of enchant armour {unknown}
 n - a scroll of teleportation {unknown}
 q - 4 scrolls of blinking {unknown}
 t - 4 scrolls of fear {unknown}
 u - 3 scrolls of magic mapping
 A - a scroll of fog {unknown}
 C - a scroll of enchant weapon {unknown}
 J - a scroll of immolation {unknown}
Potions
 e - 2 potions of agility
 f - a potion of haste {unknown}
 k - a potion of ambrosia {unknown}
 l - a potion of cancellation
 p - a potion of flight
 r - 2 potions of degeneration
 v - 3 potions of curing {@q1}
 z - a potion of heal wounds {unknown}
Comestibles
 c - 11 rations


   Skills:
 + Level 4.8 Fighting
 - Level 2.0 Short Blades
 * Level 4.6 Axes
 + Level 4.6 Dodging
 - Level 4.0 Stealth
 * Level 0.7 Shields
 + Level 3.9 Spellcasting
 - Level 6.0 Hexes
 - Level 2.0 Necromancy
 + Level 1.6 Evocations


You had 5 spell levels left.
You knew the following spells:

 Your Spells              Type           Power        Failure   Level  Hunger
a - Corona                Hex            ####...      1%          1    None
b - Confuse               Hex            ####....     3%          3    ###....
c - Tukima's Dance        Hex            ####....     3%          3    ###....
d - Confusing Touch       Hex            ####..       1%          1    None
e - Animate Skeleton      Necr           N/A          6%          1    None
f - Apportation           Tloc           #.....       16%         1    None

Your spell library contained the following spells:

 Spells                   Type           Power        Failure   Level  Hunger
 Ensorcelled Hibernation  Hex/Ice        ##....       7%          2    ##.....
 Dazzling Spray           Conj/Hex       ##....       13%         3    ###....
 Summon Small Mammal      Summ           #...         16%         1    None


Dungeon Overview and Level Annotations

Branches:
Dungeon (7/15)             Temple (1/1) D:6

Altars:
Ashenzari
Cheibriados
Dithmenos
Elyvilon
Fedhas
Gozag
Hepliaklqana
Kikubaaqudgha
Makhleb
Nemelex Xobeh
Okawaru
Qazlal
Ru
Sif Muna
Trog
Uskayaw
Vehumet
Wu Jian
Xom
Yredelemnul
Zin
The Shining One
Beogh

Shops:
D:5 (   D:7 *

Annotations:
D:5 3 runed translucent doors, stillor's ghost, amateur DrCj
D:6 3 runed translucent doors, Titania's ghost, novice DrTm
D:7 Prince Ribbit


Innate Abilities, Weirdness & Mutations

You cannot wear most types of armour.
You are very stealthy in the water. (Stealth+)
You are amphibious.
You can wear up to eight rings at the same time.
You can use your tentacles to constrict eight enemies at once.
Your skin changes colour to match your surroundings (Stealth+).
Your rubbery body absorbs attacks. (AC +1, EV +1)


Message History

You struggle against the net.
The gnoll hits you from afar with a +0 halberd!
Prince Ribbit asks, "Just a little smooch?"
You shred the net and break free!
The gnoll throws a throwing net.
The throwing net hits you.
You become entangled in the net!
The gnoll hits you from afar with a +0 halberd.
You struggle against the net.
The gnoll hits you from afar with a +0 halberd!
Okay, then.
Casting: Tukima's Dance (safe; 3% risk of failure)
Okay, then.
Okay, then.
You struggle against the net.
Prince Ribbit blinks!
The gnoll hits you from afar with a +0 halberd!
* * * LOW HITPOINT WARNING * * *
You shred the net and break free!
The gnoll hits you with a cursed -3 whip!
* * * LOW HITPOINT WARNING * * *
The gnoll hits you with a cursed -3 whip.
You die...

.............#
............#
#####......# ... ..#
###∩.....### .. ..#
....>...## .. ..#
#........#### . ..#
..<.........#### .#..#
.......####....####...#
......## ####..@g#...#
.....## ####.g)g.#
###### ####F.# #....
#..... #.#.. .... ...
..


You could see Prince Ribbit and 3 gnolls.

Vanquished Creatures
  2 phantoms
  2 sky beasts (D:6)
  A black bear (D:5)
  An ogre (D:7)
  An ice beast (D:6)
  A necrophage (D:6)
  2 centaurs (D:5)
  2 bullfrogs (D:6)
  A scorpion (D:6)
  A howler monkey (D:4)
  A crimson imp (D:6)
  2 hounds
  A bullfrog skeleton (D:4)
  A centaur skeleton (D:5)
  Jessica (D:3)
  Natasha (thrice) (D:3)
  3 iguanas
  A worker ant (D:6)
  4 gnolls
  4 adders
  A howler monkey skeleton (D:7)
  A shadow imp (D:7)
  5 worms
  An adder skeleton (D:6)
  A leopard gecko (D:6)
  8 orcs
  6 bats
  7 giant cockroaches
  5 goblins
  6 hobgoblins
  4 jackals (D:5)
  3 kobolds
  3 quokkas
  7 frilled lizards
  A giant cockroach zombie (D:5)
  A jackal skeleton (D:5)
  A leopard gecko zombie (D:5)
  A quokka zombie (D:6)
  5 rats
102 creatures vanquished.

Vanquished Creatures (collateral kills)
  An ogre (D:4)
  A gnoll (D:4)
2 creatures vanquished.

Vanquished Creatures (others)
  A dancing weapon (D:7)
1 creature vanquished.

Grand Total: 105 creatures vanquished

Notes
Turn   | Place    | Note
-------+----------+-------------------------------------------
     0 | D:1      | apr9 the Octopode Enchanter began the quest for the Orb.
     0 | D:1      | Reached XP level 1. HP: 11/11 MP: 3/3
   129 | D:1      | Reached XP level 2. HP: 18/18 MP: 5/5
   295 | D:1      | Reached skill level 1 in Fighting
   767 | D:2      | Reached XP level 3. HP: 23/23 MP: 6/6
   926 | D:2      | Learned a level 3 spell: Confuse
  1085 | D:2      | Found a faded altar of an unknown god.
  1622 | D:3      | Noticed Natasha
  1626 | D:3      | Killed Natasha
  1626 | D:3      | Reached XP level 4. HP: 29/29 MP: 7/7
  1632 | D:3      | Found a glowing silver altar of Zin.
  1664 | D:3      | Noticed Jessica
  1672 | D:3      | Killed Jessica
  1672 | D:3      | Reached skill level 4 in Hexes
  2072 | D:3      | Noticed Natasha
  2079 | D:3      | Killed Natasha
  2079 | D:3      | Reached XP level 5. HP: 17/35 MP: 8/8
  2307 | D:3      | Learned a level 3 spell: Tukima's Dance
  2638 | D:3      | Found a glowing silver altar of Zin.
  2755 | D:3      | Noticed Natasha
  2769 | D:3      | Killed Natasha
  3260 | D:4      | You fall into a shaft and drop 1 floor!
  3260 | D:5      | Entered Level 5 of the Dungeon
  3260 | D:5      | Found Bebruekerr's Antique Weapon Emporium.
  3299 | D:5      | Noticed a centaur
  3313 | D:5      | Killed a centaur
  3313 | D:5      | Reached XP level 6. HP: 11/42 MP: 3/9
  4205 | D:5      | Identified the +10 war axe "Mioggusa" {elec, Dex+4}
  4205 | D:5      | Identified the cursed +1 plate armour of the Seven Ghosts
                  | {rElec Regen+ Str+2}
  4205 | D:5      | Noticed an orc warrior
  4206 | D:5      | Found a runed translucent gate.
  4206 | D:5      | Found a runed translucent gate.
  4206 | D:5      | Found a runed translucent gate.
  4207 | D:5      | Found a roughly hewn altar of Beogh.
  4210 | D:5      | Noticed stillor's ghost (amateur DrCj)
  4490 | D:4      | Noticed a phantom
  4576 | D:5      | Killed a phantom
  4576 | D:5      | Reached skill level 1 in Axes
  4576 | D:5      | Reached skill level 5 in Hexes
  4576 | D:5      | Reached XP level 7. HP: 14/46 MP: 2/10
  5807 | D:3      | Learned a level 1 spell: Confusing Touch
  5809 | D:3      | Learned a level 1 spell: Animate Skeleton
  5811 | D:3      | Learned a level 1 spell: Apportation
  6015 | D:6      | Reached skill level 1 in Necromancy
  6015 | D:6      | Reached XP level 8. HP: 44/54 MP: 12/12
  6903 | D:5      | Bought a warped hand axe for 208 gold pieces
  6903 | D:5      | Identified the +1 hand axe of the Twelve Cities {venom,
                  | +Blink rC+ Str+3} (You bought it in a shop on level 5 of
                  | the Dungeon)
  7168 | D:6      | Reached skill level 6 in Hexes
  7168 | D:6      | Reached skill level 1 in Evocations
  7690 | D:6      | Found a runed translucent gate.
  7691 | D:6      | Found a runed translucent gate.
  7692 | D:6      | Found an opulent altar of Gozag.
  7692 | D:6      | Found a runed translucent gate.
  7789 | D:6      | Noticed Titania's ghost (novice DrTm)
  7908 | D:6      | Found a staircase to the Ecumenical Temple.
  8036 | Temple   | Entered the Ecumenical Temple
  8200 | Temple   | Became a worshipper of Makhleb the Destroyer
  8260 | D:7      | Found Situschis's Mayhem Merchandise.
  8289 | D:7      | Reached XP level 9. HP: 42/60 MP: 5/14
  8408 | D:7      | Noticed Prince Ribbit
  8419 | D:7      | Slain by a gnoll

Levels and vault maps discovered:
D:1:      minmay_arrival_four_loops, layout_basic
D:2:      layout_rooms, chequers_ecumenical_altar_island
D:3:      kennysheep_big_flooded_room, layout_loops_cross,
          nicolae_overflow_crystal_walls, minmay_stone_trees_small,
          mrwooster_statue_mirror, uniq_natasha, uniq_jessica
D:4:      layout_basic, first_ration
D:5:      layout_basic, serial_shops, nicolae_shop_competitors_out_of_business,
          biasface_ghost_orc_armoury
D:6:      layout_cave_pools, minmay_temple_entry_enclosed_plants,
          ebering_ghost_gozag
D:7:      layout_cave_pods, grunt_livestock, minmay_shop_mayhem,
          uniq_prince_ribbit1
Temple:   regret_index_temple_sigil_plot

Skill      XL: |  1  2  3  4  5  6  7  8 |
---------------+-------------------------+-----
Fighting       | 1 2 3 4 |  4.8
Hexes          | 4 5 6 |  6.0
Short Blades   | 2 |  2.0
Dodging        | 3 4 |  4.6
Axes           | 1 3 4 |  4.6
Spellcasting   | 3 |  3.9
Necromancy     | 1 2 |  2.0
Evocations     | 1 |  1.6
Stealth        | |  4.0
Shields        | |  0.7

Action                   |  1- 3 |  4- 6 |  7- 9 || total
-------------------------+-------+-------+-------++-------
Melee: Dagger            |    77 |    91 |   108 ||   276
       Tentacles         |    12 |    15 |    30 ||    57
       Constrict         |    15 |    11 |    35 ||    61
       Hand axe          |       |       |    46 ||    46
 Fire: Hunting sling     |       |       |    27 ||    27
 Cast: Confuse           |       |     7 |    17 ||    24
       Tukima's Dance    |       |       |    10 ||    10
Evoke: Wand              |       |       |     4 ||     4
  Use: Scroll            |       |     8 |       ||     8
       Potion            |       |     3 |     1 ||     4
 Stab: Sleeping          |    13 |     9 |     7 ||    29
       Confused          |       |     3 |     9 ||    12
  Eat: Chunk             |     2 |    10 |    11 ||    23
       Ration            |       |       |     1 ||     1
Armor: Skin              |     4 |     3 |     4 ||    11
Dodge: Dodged            |    33 |    56 |    92 ||   181

Table legend:
 A = Non-vault XP
 B = Vault XP
 C = Vault XP percentage of total XP
 D = Non-vault monster count
 E = Vault monster count
 F = Vault count percentage of total count
                 A         B        C        D         E       F
            +---------+---------+-------+---------+---------+-------
      Total |    2292 |      76 |   3.2 |     100 |       4 |   3.8
            +---------+---------+-------+---------+---------+-------
        D:1 |      27 |       0 |   0.0 |      15 |       0 |   0.0
        D:2 |      50 |       0 |   0.0 |      18 |       0 |   0.0
        D:3 |      87 |      76 |  46.6 |       9 |       4 |  30.8
        D:4 |     350 |       0 |   0.0 |      21 |       0 |   0.0
        D:5 |     542 |       0 |   0.0 |      14 |       0 |   0.0
        D:6 |    1098 |       0 |   0.0 |      19 |       0 |   0.0
        D:7 |     138 |       0 |   0.0 |       4 |       0 |   0.0
            +---------+---------+-------+---------+---------+-------
